 Dungeon Crawl Stone Soup version 0.29-a0-330-g52719c12eb (webtiles) character file.

Game seed: 2974007180099118191

639 kae the Firebug (level 7, -2/41 HPs)
             Began as a Tengu Fire Elementalist on Apr 14, 2022.
             Was an Initiate of Ashenzari.
             Slain by Pikel
             ... wielding a +0 whip of flaming
              (6 damage)
             ... on level 4 of the Dungeon.
             The game lasted 00:04:10 (7341 turns).

kae the Firebug (Tengu Fire Elementalist)           Turns: 7341, Time: 00:04:11

Health: -2/41      AC:  1    Str:  9    XL:     7   Next: 51%
Magic:  13/13      EV: 16    Int: 17    God:    Ashenzari [......]
Gold:   241        SH:  0    Dex: 14    Spells: 3/12 levels left

rFire   . . .      SeeInvis .   s - +1 whip (venom)
rCold   . . .      Faith    .   (no shield)
rNeg    . . .      Spirit   .   a - +0 robe
rPois   .          Reflect  .   (helmet restricted)
rElec   .          Harm     .   (no cloak)
rCorr   .          Rampage  .   (no gloves)
Will    .....                   (boots unavailable)
Stlth   +.........              (no amulet)
HPRegen 0.13/turn               (no ring)
MPRegen 0.13/turn               (no ring)

@: confused, ambrosia-drunk, flying quickly and evasively, quick
A: beak, talons 3, nimble flight, deformed body
a: Renounce Religion


You were on level 4 of the Dungeon.
You worshipped Ashenzari.
Ashenzari was noncommittal.
You visited 2 branches of the dungeon, and saw 7 of its levels.
You also visited: Sewer.

You collected 241 gold pieces.

Inventory:

Hand Weapons
 e - a +1 spear
 s - a +1 whip of venom (weapon)
Missiles
 l - 3 throwing nets
Armour
 a - a +0 robe (worn)
Jewellery
 d - a ring of flight
 i - an amulet of faith
 p - a +6 ring of strength
 q - a ring of protection from fire
Scrolls
 c - 2 scrolls of magic mapping
 f - a scroll of amnesia
 w - a scroll of enchant weapon
Potions
 b - 3 potions of magic
 h - a potion of berserk rage
 j - 5 potions of heal wounds
 m - a potion of flight
 o - a potion of haste
 u - a potion of curing
 v - a potion of invisibility


   Skills:
 + Level 3.0 Fighting
 + Level 4.0 Dodging
 - Level 2.0 Stealth
 + Level 3.3 Spellcasting
 + Level 4.3 Conjurations
 * Level 6.0 Fire Magic


You had 3 spell levels left.
You knew the following spells:

 Your Spells              Type           Power      Damage    Failure   Level
a - Foxfire               Conj/Fire      80%        2x1d8     1%          1
b - Scorch                Fire           46%        2d7       2%          2
c - Conjure Flame         Conj/Fire      20%        6-21      6%          3
d - Inner Flame           Hex/Fire       13%        N/A       14%         3

Your spell library contained the following spells:

 Spells                   Type           Power      Damage    Failure   Level
 Beastly Appendage        Tmut           4%         N/A       17%         1
 Wereblood                Tmut           2%         N/A       26%         2
 Spider Form              Tmut/Pois      2%         N/A       45%         3
 Flame Wave               Conj/Fire      20%        2d7       21%         4
 Fireball                 Conj/Fire      10%        3d6       50%         5
 Iskenderun's Battlesphe  Conj           17%        2d7       61%         5
 Conjure Ball Lightning   Conj/Air       5%         3x3d6     100%        6
 Orb of Destruction       Conj           8%         9d6       100%        7


Dungeon Overview and Level Annotations

Branches:
Dungeon (6/15)             Temple (1/1) D:4           Sewer (visited)

Altars:
Ashenzari
Cheibriados
Dithmenos
Fedhas
Gozag
Hepliaklqana
Kikubaaqudgha
Makhleb
Nemelex Xobeh
Okawaru
Qazlal
Ru
Sif Muna
Trog
Uskayaw
Vehumet
Wu Jian
Xom
Yredelemnul
Zin
The Shining One

Annotations:
D:2 Terence
D:4 3 runed translucent doors, Pikel; Sassenached's ghost, amateur DgWn


Innate Abilities, Weirdness & Mutations

You have a beak for a mouth.
You have claws for feet.
Your magical nature lets you fly swiftly and evasively.
Armour fits poorly on your strangely shaped body.


Message History

Unknown command.
Okay, then.
Okay, then.
Okay, then.
It was a potion of might.
You feel very mighty all of a sudden. The lemure barely misses you.
Pikel barely misses you.
It was a potion of haste.
You feel yourself speed up. The lemure barely misses you.
Pikel barely misses you.
It was a potion of mutation.
You feel extremely strange.
Your body twists and deforms.
It was a potion of lignification.
You turn into a tree.
Your +0 robe melds into your body.
Your roots penetrate the ground.
The lemure hits you. Pikel hits you but does no damage.
It was a potion of curing.
You feel better. The lemure hits you.
Pikel hits you with a +0 whip of flaming!
Pikel burns you.
It was a potion of invisibility.
You fade into invisibility!
It was a potion of cancellation.
Your magical effects are unravelling.
You feel magically purged.
You feel less wooden.
Your +0 robe unmelds from your body.
You feel yourself slow down.
You flicker back into view.
You feel a little less mighty now. The lemure completely misses you.
Pikel hits you with a +0 whip of flaming.
Pikel burns you.
You are confused.
You feel invigorated. The lemure hits you. Pikel barely misses you.
The lemure closely misses you.
Pikel hits you with a +0 whip of flaming!
Pikel burns you.
* * * LOW HITPOINT WARNING * * *
The lemure barely misses you.
Pikel hits you with a +0 whip of flaming!
* * * LOW HITPOINT WARNING * * *
Pikel burns you.
You die...

##......###.#.##.#.####.####
#####.>.....###.........<.......
#............##.≈.≈...#####.####
#.###.......###..⌠....#####.# #
#.# ##......# #....##.......# #
#.# ##...#.#*#.#..##..###### #
#.# ##...)..#...###..#########
##.# #......###.# #..##.......
#..# #......5@K.# #..##.######
#.## ##.....##### #..##.######
#.# #....,* #...^....... #.#
###.#** #####.######
#.##########.# #.#####.
#............#### #.......
#.#####.........# ##.#####.
#...............#########...# ##
#..####.....................#


You could see Pikel (inner flame) and a lemure (inner flame).

Vanquished Creatures
  A water moccasin (D:6)
  2 lemures (D:4)
  A kobold brigand (Sewer)
  A bullfrog (D:6)
  A howler monkey (D:6)
  An iguana (D:4)
  2 orc wizards (D:4)
  4 gnolls (D:4)
  5 adders
  7 river rats
  A white imp (D:6)
  An ufetubus (D:4)
  A worm (D:5)
  3 dart slugs
  7 orcs
  8 ball pythons
  6 bats
  4 endoplasms
  6 giant cockroaches
  3 goblins
  4 hobgoblins
  3 jackals (D:3)
  2 quokkas (D:2)
  2 frilled lizards (D:1)
  22 kobolds
  45 rats
143 creatures vanquished.

Vanquished Creatures (others)
  411 foxfires
411 creatures vanquished.

Grand Total: 554 creatures vanquished

Notes
Turn   | Place    | Note
-------+----------+-------------------------------------------
     0 | D:1      | kae the Tengu Fire Elementalist began the quest for the
                  | Orb.
     0 | D:1      | Reached XP level 1. HP: 10/10 MP: 4/4
   435 | D:1      | Reached XP level 2. HP: 16/16 MP: 4/6
  1028 | D:1      | Learned a level 2 spell: Scorch
  1039 | D:2      | Reached XP level 3. HP: 20/20 MP: 4/7
  1044 | D:2      | Learned a level 3 spell: Conjure Flame
  1547 | D:2      | Reached skill level 1 in Fighting
  1782 | D:2      | Reached skill level 4 in Fire Magic
  1879 | D:2      | Noticed Terence
  2728 | D:3      | Found a faded altar of an unknown god.
  2885 | D:2      | Reached XP level 4. HP: 12/25 MP: 5/8
  4133 | D:4      | Found a glowing drain.
  4199 | Sewer    | Entered a sewer
  4327 | Sewer    | Gained mutation: Your magical nature lets you fly swiftly
                  | and evasively. [Tengu growth]
  4327 | Sewer    | Reached XP level 5. HP: 29/29 MP: 6/9
  5051 | Sewer    | Noticed a kobold brigand
  5073 | Sewer    | Killed a kobold brigand
  5074 | Sewer    | Reached skill level 5 in Fire Magic
  5074 | Sewer    | Reached XP level 6. HP: 28/35 MP: 6/11
  5294 | Sewer    | Learned a level 3 spell: Inner Flame
  5423 | D:4      | Found a runed translucent gate.
  5423 | D:4      | Found a runed translucent gate.
  5424 | D:4      | Found a runed translucent gate.
  5424 | D:4      | Noticed Sassenached's ghost (amateur DgWn)
  5783 | D:4      | You are sucked into a shaft and drop 2 floors!
  5784 | D:6      | Noticed a water moccasin
  5793 | D:6      | Killed a water moccasin
  5794 | D:6      | Reached XP level 7. HP: 26/40 MP: 5/12
  5953 | D:6      | Noticed a green ugly thing
  5969 | D:5      | Entered Level 5 of the Dungeon
  6162 | D:4      | Found a staircase to the Ecumenical Temple.
  6413 | D:4      | Noticed Pikel
  6487 | Temple   | Entered the Ecumenical Temple
  7113 | Temple   | Became a worshipper of Ashenzari the Shackled
  7248 | D:4      | Reached skill level 6 in Fire Magic
  7334 | D:4      | Gained mutation: Armour fits poorly on your strangely
                  | shaped body. [potion of mutation]
  7341 | D:4      | Slain by Pikel

Illustrated notes

Levels and vault maps discovered:
D:1:      lightli_iron_boxes, layout_basic, minmay_unequal
D:2:      layout_loops_corners, minmay_rat_hole, uniq_terence
D:3:      layout_loops_corners, hellmonk_ecumenical_altar_arch_garden,
          minmay_misc_feat_x
D:4:      layout_loops_ring, minmay_temple_entry_sparse_star,
          gammafunk_ghost_nasty_kobolds, portal_sewer_entry_e,
          hangedman_feature_mirror, uniq_pikel
D:5:      layout_loops_corners, kennysheep_crisscross, kennysheep_boxes
D:6:      layout_cave_pools, serial_shops, shop_statue, minivault_4,
          ebering_dispersal_statue_hall
Temple:   mainiacjoe_temple_starburst

Skill      XL: |  1  2  3  4  5  6  7 |
---------------+----------------------+-----
Conjurations   | 2 3 4 |  4.3
Fighting       | 1 2 3 |  3.0
Fire Magic     | 4 5 6 |  6.0
Dodging        | 3 4 |  4.0
Spellcasting   | 3 |  3.3
Stealth        | |  2.0

Action                   |  1- 3 |  4- 6 |  7- 9 || total
-------------------------+-------+-------+-------++-------
Melee: Unarmed           |     3 |       |       ||     3
       Kick              |     3 |     2 |     3 ||     8
       Spear             |     7 |       |       ||     7
       Peck              |     2 |       |     2 ||     4
       Whip              |       |     5 |     9 ||    14
 Cast: Foxfire           |    93 |   102 |    43 ||   238
       Scorch            |     3 |    12 |     8 ||    23
       Conjure Flame     |       |       |     1 ||     1
  Use: Scroll            |     5 |     9 |     2 ||    16
       Potion            |       |     1 |     8 ||     9
Armor: Robe              |     2 |    12 |     2 ||    16
       Skin              |       |       |     1 ||     1
Dodge: Dodged            |    20 |    46 |    30 ||    96

Table legend: (Time is in decaauts)
 A = Elapsed time spent in this place.
 B = Non-inter-level travel time spent in this place.
 C = Inter-level travel time spent in this place.
 D = Time resting spent in this place.
 E = Time spent auto-exploring this place.
 F = Levels seen in this place.
 G = Mean time per level.
                   A        B        C        D        E       F      G
               +--------+--------+--------+--------+--------+-----+--------+
         Total |   7188 |   6959 |    229 |    655 |   5296 |   8 |  898.5 |
       Dungeon |   5467 |   5329 |    138 |    627 |   3966 |   6 |  911.2 |
        Temple |    619 |    528 |     91 |      0 |    520 |   1 |  619.0 |
         Sewer |   1101 |   1101 |      0 |     28 |    808 |   1 | 1101.0 |
               +--------+--------+--------+--------+--------+-----+--------+

Top non-repeatable levels by time:
     D:2: 1656 daAuts
     D:3: 1289 daAuts
     D:4: 1158 daAuts
   Sewer: 1101 daAuts
     D:1: 1033 daAuts
  Temple: 619 daAuts
     D:6: 180 daAuts
     D:5: 149 daAuts
